 Dungeon Crawl Stone Soup version 0.26-a0-631-ged93497179 (webtiles) character file.

Game seed: 14687236817457112280

17 Drevant2 the Charlatan (level 2, -3/16 HPs)
             Began as a Kobold Artificer on Sept 13, 2020.
             Slain by a kobold
             ... wielding a +2 whip of holy wrath
              (4 damage)
             ... on level 1 of the Dungeon.
             The game lasted 00:04:45 (819 turns).

Drevant2 the Charlatan (Kobold Artificer)            Turns: 819, Time: 00:04:45

Health: -3/16      AC:  5    Str:  9    XL:     2   Next: 80%
Magic:  2/2        EV: 15    Int: 12    God:
Gold:   0          SH:  0    Dex: 15    Spells: 1/1 levels left

rFire    . . .     SeeInvis .   k - +0 dagger
rCold    + . .     Faith    .   (shield restricted)
rNeg     . . .     Spirit   .   h - +2 leather armour {rC+}
rPois    .         Reflect  .   (no helmet)
rElec    .         Harm     .   (no cloak)
rCorr    .         Rampage  .   (no gloves)
MR       .....                  (no boots)
Stlth    +++.......             (no amulet)
HPRegen  0.05/turn              (no ring)
MPRegen  0.08/turn              (no ring)

@: no status effects
A: small, nightstalker 3
a: no special abilities


You were on level 1 of the Dungeon.
You visited 1 branch of the dungeon, and saw 1 of its levels.

Inventory:

Hand Weapons
 a - a +0 club
 k - a +0 dagger (weapon)
Missiles
 g - 11 poisoned darts (quivered)
Armour
 b - a +0 leather armour
 h - a +2 leather armour of cold resistance (worn)
Wands
 c - a wand of flame (13)
 d - a wand of enslavement (10)
 e - a wand of random effects (14)
Scrolls
 f - a scroll of blinking {unknown}
 i - a scroll of amnesia {unknown}
 j - 2 scrolls of remove curse {unknown}


   Skills:
 - Level 1.1 Fighting
 - Level 0.7 Armour
 + Level 2.8 Dodging
 + Level 2.1 Stealth
 * Level 4.2 Evocations


You had one spell level left.
You didn't know any spells.
Your spell library was empty.

Dungeon Overview and Level Annotations

Branches:
Dungeon (1/15)

Altars:


Innate Abilities, Weirdness & Mutations

You are small and have problems with some larger weapons.
You are completely attuned to the shadows.


Message History

Something hits you.
* * * LOW HITPOINT WARNING * * *
The bat misses you. The bat misses your hobgoblin.
Something hits your hobgoblin.
Your hobgoblin dies!
Found 17 stones.
The bat hits you.
* * * LOW HITPOINT WARNING * * *
The bat closely misses you.
A rat comes into view.
The bat barely misses you.
Found a scroll labeled ZENU GOKLA.
The bat hits you but does no damage. The bat barely misses you.
The bat hits you but does no damage. The bat hits you but does no damage.
A goblin comes into view. It is wielding a +0 dagger.
The bat hits you but does no damage. The bat closely misses you.
Something hits you.
You die...

#...........♣
♣≈♣≈P♣
.......)..##
######
..$.......#
......$..#
≈≈≈≈.......#
≈≈P≈.......##
≈≈≈......(....
≈≈≈P.......###
≈≈≈≈@..?..r#
≈≈≈........#
≈≈....b....#
P≈≈P.......# §
P≈≈P....... ○
PPP.g.... # .
# ≈


You could see a bat.

Vanquished Creatures
  An ooze (D:1)
  A dart slug (D:1)
  2 bats (D:1)
  2 hobgoblins (D:1)
  A frilled lizard (D:1)
  2 goblins (D:1)
9 creatures vanquished.

Vanquished Creatures (collateral kills)
  A bat (D:1)
  A frilled lizard (D:1)
2 creatures vanquished.

Vanquished Creatures (others)
  A dart slug (D:1)
  A hobgoblin (D:1)
  4 plants (D:1)
6 creatures vanquished.

Grand Total: 17 creatures vanquished

Notes
Turn   | Place    | Note
-------+----------+-------------------------------------------
     0 | D:1      | Drevant2 the Kobold Artificer began the quest for the Orb.
     0 | D:1      | Reached XP level 1. HP: 12/12 MP: 1/1
   421 | D:1      | Reached skill level 4 in Evocations
   421 | D:1      | Reached XP level 2. HP: 9/16 MP: 2/2
   819 | D:1      | Slain by a kobold

Illustrated notes

Levels and vault maps discovered:
D:1:      saegor_arrival_miasma, layout_basic, serial_bayou,
          serial_bayou_pond_e, serial_bayou_lake_a, serial_bayou_ford_a,
          serial_bayou_lagoon_a, serial_bayou_shore_a, serial_bayou_pond_a

Skill      XL: |  1  2 |
---------------+-------+-----
Evocations     | 4 |  4.2
Stealth        | 2 |  2.1
Fighting       | |  1.1
Armour         | |  0.7
Dodging        | |  2.8

Action                   || total
-------------------------++-------
Melee: Club              ||    39
       Dagger            ||    20
Evoke: Wand              ||     8
 Stab: Sleeping          ||     2
Armor: Leather armour    ||    31
Dodge: Dodged            ||   105

Table legend: (Time is in decaauts)
 A = Elapsed time spent in this place.
 B = Non-inter-level travel time spent in this place.
 C = Inter-level travel time spent in this place.
 D = Time resting spent in this place.
 E = Time spent auto-exploring this place.
 F = Levels seen in this place.
 G = Mean time per level.
                   A        B        C        D        E       F      G
               +--------+--------+--------+--------+--------+-----+--------+
         Total |    875 |    854 |     21 |    168 |    497 |   1 |  875.0 |
       Dungeon |    875 |    854 |     21 |    168 |    497 |   1 |  875.0 |
               +--------+--------+--------+--------+--------+-----+--------+

Top non-repeatable levels by time:
     D:1: 875 daAuts
